 Dungeon Crawl Stone Soup version 0.30.0-3-ga4e48a9924 (webtiles) character file.

Game seed: 17770708975059809417

642 jimonade the Trooper (level 7, -7/55 HPs)
             Began as a Human Monk on May 7, 2023.
             Mangled by an iguana (8 damage)
             ... on level 4 of the Dungeon.
             The game lasted 00:14:35 (4699 turns).

jimonade the Trooper (Human Monk)                   Turns: 4699, Time: 00:14:36

Health: -7/55      AC: 12    Str: 11    XL:     7   Next: 81%
Magic:  7/7        EV:  7    Int: 11    God:
Gold:   271        SH:  0    Dex: 17    Spells: 6/6 levels left

rFire   . . .        a - +2 dagger (venom)
rCold   . . .        d - orb {light}
rNeg    . . .        g - +0 chain mail
rPois   .            (no helmet)
rElec   .            (no cloak)
rCorr   .            r - +2 pair of gloves
SInv    .            (no boots)
Will    .....        (no amulet) Stlth
                     (no ring)
HPRegen 0.29/turn    (no ring)
MPRegen 0.10/turn

%: no passive effects
@: glowing
A: no striking features
a: no special abilities


You were on level 4 of the Dungeon.
You visited 1 branch of the dungeon, and saw 5 of its levels.
You also visited: Sewer.

You collected 271 gold pieces.

Inventory:

Hand Weapons
 a - a +2 dagger of venom (weapon)
 i - a +0 short sword
 k - a +0 falchion
 o - a +0 dagger of venom
 D - a +1 short sword of venom
Missiles
 m - 9 boomerangs (quivered)
 w - 10 stones
 G - 2 poisoned darts
Armour
 d - an orb of light (worn)
 g - a +0 chain mail (worn)
 h - the +1 robe of the Black Moon {rCorr}
   (You found it on level 4 of the Dungeon)

   rCorr:     It protects you from acid and corrosion.
 r - a +2 pair of gloves (worn)
 u - a +0 ring mail
Wands
 E - a wand of polymorph (12)
Scrolls
 v - a scroll of fear {unknown}
 x - 2 scrolls of noise {unknown}
 y - 2 scrolls of magic mapping
 z - 2 scrolls of identify {unknown}
 B - a scroll of acquirement {unknown}
 C - 2 scrolls of enchant armour {unknown}
Potions
 c - a potion of ambrosia
 e - 3 potions of degeneration {unknown}
 f - 2 potions of lignification {unknown}
 j - 5 potions of mutation {unknown}
 l - a potion of berserk rage {unknown}
 n - 2 potions of cancellation {unknown}
 p - 2 potions of might {unknown}
 q - 2 potions of heal wounds {unknown}
 s - a potion of haste {unknown}
 t - a potion of resistance {unknown}
 A - a potion of curing {unknown}
 F - a potion of brilliance {unknown}


   Skills:
 + Level 4.4 Fighting
 + Level 3.9(4.7) Short Blades
 + Level 3.9(4.7) Long Blades
 + Level 4.2 Armour
 + Level 3.7 Dodging
 + Level 0.6 Stealth


You had 6 spell levels left.
You didn't know any spells.
Your spell library contained the following spells:

 Spells                   Type           Power      Damage    Failure   Level
 Kiss of Death            Conj/Necr      0%         2d5       100%        1
 Cigotuvi's Dreadful Rot  Necr/Pois/Air  0%         N/A       100%        2
 Ensorcelled Hibernation  Hex/Ice        0%         N/A       100%        2
 Passwall                 Tmut/Erth      0%         N/A       100%        2
 Confusing Touch          Hex            0%         N/A       100%        3
 Ignite Poison            Fire/Tmut/Pois 0%         N/A       100%        3
 Swiftness                Air            0%         N/A       100%        3
 Volatile Blastmotes      Fire/Tloc      0%         2d10      100%        3
 Dispel Undead            Necr           0%         3d6       100%        4
 Fulminant Prism          Conj/Hex       0%         3d5       100%        4
 Iskenderun's Mystic Bla  Conj/Tloc      0%         2d3       100%        4
 Freezing Cloud           Conj/Ice/Air   0%         6-21      100%        5
 Lee's Rapid Deconstruct  Erth           0%         3d4*      100%        5
 Borgnjor's Revivificati  Necr           0%         N/A       100%        8
 Necromutation            Tmut/Necr      0%         N/A       100%        8
 Death's Door             Necr           0%         N/A       100%        9


Dungeon Overview and Level Annotations

Branches:
Dungeon (5/15)              Sewer (visited)
 Temple: D:4-7

Altars:
Nemelex Xobeh

Shops:
D:3 (

Annotations:
D:3 2 transporters
D:5 Edmund


Message History

Edmund is moderately wounded.
Edmund hits you with a +4 dire flail of protection!
The iguana barely misses you.
You hit Edmund.
Edmund looks as sick as possible!
Edmund is moderately wounded.
The iguana bites you.
Edmund hits you with a +4 dire flail of protection.
Edmund attacks as you move away!
Edmund hits you with a +4 dire flail of protection.
* * * LOW HITPOINT WARNING * * *
The iguana attacks as you move away! The iguana completely misses you.
A scorpion comes into view.
There is a stone staircase leading up here.
The iguana bites you.
* * * LOW HITPOINT WARNING * * *
You climb upwards.
There is a stone staircase leading down here.
You hit the iguana but do no damage. The iguana bites you!
* * * LOW HITPOINT WARNING * * *
You hit the iguana but do no damage.
The iguana is poisoned.
You hit the iguana but do no damage.
The iguana looks even sicker.
The iguana bites you.
* * * LOW HITPOINT WARNING * * *
You barely miss the iguana.
The iguana is lightly wounded.
The iguana barely misses you.
You hit the iguana.
The iguana looks as sick as possible!
The iguana is moderately wounded.
The iguana bites you.
* * * LOW HITPOINT WARNING * * *
You hit the iguana.
The iguana looks as sick as possible!
The iguana is heavily wounded.
You hit the iguana but do no damage.
The iguana looks as sick as possible!
The iguana is severely wounded.
The iguana bites you.
* * * LOW HITPOINT WARNING * * *
You hit the iguana but do no damage.
The iguana looks as sick as possible!
The iguana is almost dead.
The iguana bites you!
You die...

.....#.####...##..##..#.#
####.....).....#..##.##.#
#.#######...#..##.##.#
#.#.....#......##.##.#
####.#.###.#.#....##.##.#
..##.#.# #<#......##.##.#
..##.#.#######.......##.#
#.##.#.......#....#####.#########
.....#.#####.#.l@.# #..........
.............#..#.# #####.####.
####...#######..#.# ##...####
...##### #..#.# #..#..... .#.#
#..#.# ##...#### .#.# #..#.#
##.## .#.# #..#.# #?# .#.# #..#.#
#.# .#.# #..#.# #.#


You could see an iguana (extremely poisoned).

Vanquished Creatures
  2 ogres
  2 bullfrogs (Sewer)
  A hound (D:4)
  An iguana (D:4)
  12 adders
  5 river rats (Sewer)
  2 ufetubi
  A worm (D:3)
  A dart slug (D:2)
  2 orcs (D:4)
  2 bats (D:1)
  6 endoplasms
  2 giant cockroaches
  8 goblins
  10 hobgoblins
  3 quokkas
  27 ball pythons
  6 frilled lizards
  9 kobolds
  24 rats
126 creatures vanquished.

Vanquished Creatures (others)
  18 plants (D:1)
18 creatures vanquished.

Grand Total: 144 creatures vanquished

Notes
Turn   | Place    | Note
-------+----------+-------------------------------------------
     0 | D:1      | jimonade the Human Monk began the quest for the Orb.
     0 | D:1      | Reached XP level 1. HP: 18/18 MP: 1/1
   345 | D:1      | Reached XP level 2. HP: 21/24 MP: 2/2
   623 | D:1      | Reached XP level 3. HP: 23/29 MP: 3/3
  1077 | D:2      | Found a faded altar of an unknown god.
  1148 | D:2      | Reached skill level 1 in Armour
  1148 | D:2      | Reached XP level 4. HP: 35/35 MP: 4/4
  1424 | D:2      | Found a sparkling altar of Nemelex Xobeh.
  1829 | D:3      | Found a transporter.
  1835 | D:3      | Found a transporter.
  1871 | D:3      | Reached skill level 1 in Short Blades
  2030 | D:3      | Found Tiptuad's Weapon Shop.
  2306 | D:3      | Noticed an ogre
  2314 | D:3      | Killed an ogre
  2315 | D:3      | Reached XP level 5. HP: 24/41 MP: 5/5
  2789 | D:4      | Reached XP level 6. HP: 27/48 MP: 6/6
  2803 | D:4      | Identified the +1 robe of the Black Moon {rCorr}
  2864 | D:4      | Found a glowing drain.
  2873 | Sewer    | Entered a sewer
  3453 | Sewer    | Reached XP level 7. HP: 44/54 MP: 7/7
  4605 | D:5      | Entered Level 5 of the Dungeon
  4606 | D:5      | Noticed Edmund
  4698 | D:4      | HP: 1/55 [iguana (3)]
  4699 | D:4      | Mangled by an iguana

Illustrated notes

Levels and vault maps discovered:
D:1:      roderic_dead_forest, layout_loops_cross, serial_bayou,
          serial_bayou_pond_c, serial_bayou_shore_b, serial_bayou_ford_a,
          serial_bayou_crossing, minmay_misc_feat_iff
D:2:      layout_loops_ring, basic_altar, shapermc_ecumenical_altar_pompeii
D:3:      gammafunk_steamed_eel, layout_basic, serial_shops, shop
D:4:      layout_basic, portal_sewer_entry_d, serial_corexii_hall,
          chequers_hall_statues_corner_a, corexii_hall_statues_i,
          dk_noncrumbling_2, minmay_misc_feat_tower
D:5:      layout_basic, uniq_edmund

Skill      XL: |  1  2  3  4  5  6  7 |
---------------+----------------------+-----
Armour         | 1 2 3 4 |  4.2
Short Blades   | 2 3 |  3.9
Fighting       | 4 |  4.4
Long Blades    | |  3.9
Dodging        | |  3.7
Stealth        | |  0.6

Action                     |  1- 3 |  4- 6 |  7- 9 || total
---------------------------+-------+-------+-------++-------
  Melee: Falchion          |    60 |       |       ||    60
         Short sword       |    35 |   180 |    43 ||   258
         Dagger            |       |       |    57 ||    57
    Use: Scroll            |       |     4 |       ||     4
         Potion            |       |       |     1 ||     1
 Armour: Chain mail        |    66 |   130 |   118 ||   314
  Dodge: Dodged            |    26 |    56 |    46 ||   128
